 Dungeon Crawl Stone Soup version 0.30.1-1-g62c8e00024 (webtiles) character file.

Game seed: 1482497896585588376

44 monsoonserge the Magician (level 3, -1/25 HPs)
             Began as a Djinni Fire Elementalist on July 17, 2023.
             Slain by Sigmund
             ... wielding a +0 heavy scythe
              (18 damage)
             ... on level 2 of the Dungeon.
             The game lasted 00:03:03 (1152 turns).

monsoonserge the Magician (DjFE)                    Turns: 1152, Time: 00:03:04

Health: -1/25      AC:  4    Str:  7    XL:     3   Next: 85%
Gold:   59         EV: 11    Int: 24    God:
                   SH:  0    Dex: 13

rFire   + + .        k - +2 long sword (heavy)
rCold   x . .        (no shield)
rNeg    . . .        p - +0 leather armour
rPois   ∞            i - +0 helmet
rElec   .            (no cloak)
rCorr   .            (no gloves)
SInv    .            (boots unavailable)
Will    .....        (no amulet)
Stlth   ++           b - +6 ring of intelligence
HPRegen 0.24/turn    (no ring)
MPRegen 0.00/turn

%: infuse magic (-2 HP)
@: flying
A: sickness immunity, fire resistance 2, cold vulnerability 1, float, innate
caster, HP casting, extra vitality 1
a: no special abilities


You were on level 2 of the Dungeon.
You visited 1 branch of the dungeon, and saw 2 of its levels.

You collected 59 gold pieces.

Inventory:

Hand Weapons
 k - a +2 heavy long sword (weapon)
Missiles
 f - 5 poisoned darts (quivered)
Armour
 a - a +0 robe
 e - a +0 ring mail
 i - a +0 helmet (worn)
 p - a +0 leather armour (worn)
Jewellery
 b - a +6 ring of intelligence (left hand)
Scrolls
 c - a scroll of fog {unknown}
 d - a scroll of vulnerability {unknown}
 g - a scroll of identify {unknown}
 h - a scroll of enchant armour {unknown}
 m - a scroll of amnesia {unknown}
 o - 2 scrolls of immolation {unknown}
Potions
 j - a potion of invisibility {unknown}
 l - a potion of lignification {unknown}
 n - a potion of might {unknown}


   Skills:
 + Level 0.5 Short Blades
 + Level 2.2 Dodging
 + Level 1.7 Stealth
 * Level 3.3 Spellcasting


You knew the following spells:

 Your Spells              Type           Power      Damage    Failure   Level
a - Foxfire               Conj/Fire      80%        2x1d8     4%          1
b - Scorch                Fire           40%        2d6       6%          2
c - Volatile Blastmotes   Fire/Tloc      40%        2d13      12%         3
d - Inner Flame           Hex/Fire       20%        N/A       12%         3
e - Flame Wave            Conj/Fire      20%        2d7       36%         4
f - Necrotise             Necr           80%        1d8       4%          1
Your spell library was empty.

Dungeon Overview and Level Annotations

Branches:
Dungeon (2/15)

Altars:

Shops:
D:1 ([

Annotations:
D:2 Sigmund


Innate Abilities, Weirdness & Mutations

You are immune to sickness and miasma.
You are immune to poison.
Your flesh is very heat resistant. (rF++)
You are vulnerable to cold. (rC-)
You float through the air rather than walking.
You learn spells naturally, not from books.
Your magical power is your life essence.
You have superior vitality. (+4 MHP)


Message History

Casting: Foxfire (safe; 4% risk of failure)
Confirm with . or Enter, or press ? or * to list all spells.
Flames lash the endoplasm.
You kill the endoplasm!
Unknown command.
There is an escape hatch in the ceiling here.
HP restored.
o - 2 scrolls labelled WOENGIN RIORCH (gained 1)
There is a stone staircase leading down here.
Found a mace.
You see here a +0 mace.
Found a stone.
You see here a stone.
Sigmund the Dreaded comes into view.
He is wielding a +0 heavy scythe and wearing a +2 robe of the Archmagi.
Sigmund shouts!
Casting: Scorch (safe; 6% risk of failure)
Confirm with . or Enter, or press ? or * to list all spells.
Flames lash Sigmund.
Sigmund is moderately wounded.
Sigmund's fire resistance burns away.
Sigmund closely misses you.
Unknown command.
Casting: Scorch (safe; 6% risk of failure)
Confirm with . or Enter, or press ? or * to list all spells.
You conjure some foxfire!
Casting: Foxfire (safe; 4% risk of failure)
Confirm with . or Enter, or press ? or * to list all spells.
Flames lash Sigmund.
Sigmund is burned terribly!
Sigmund is heavily wounded.
The foxfire hits Sigmund.
Sigmund is burned terribly!
Sigmund is severely wounded.
The foxfire hits Sigmund but does no damage.
Sigmund is severely wounded.
Sigmund casts a spell at you. The puff of flame hits you. You resist.
Casting: Scorch (safe; 6% risk of failure)
Confirm with . or Enter, or press ? or * to list all spells.
You conjure some foxfire!
Sigmund hits you from afar with a +0 heavy scythe!!
Ouch! That really hurt!
You die...

#######. #. #. ##.
###.. # #.... #. #....
##.### #..^. #..v@#
###....
#..@#v##########...)..
#.. #.......(..#.#....
#. #..#######.#.#####
# #....# #.#.# #.##.#
#.#.# #.# .# #.#.# #..
# #.#.# ### #...#


You could see Sigmund (combustible, ally target).

Vanquished Creatures
  Natasha (D:2)
  A dart slug (D:2)
  4 ball pythons
  2 endoplasms
  A giant cockroach (D:2)
  2 goblins
  A hobgoblin (D:1)
  3 kobolds
  2 rats
17 creatures vanquished.

Vanquished Creatures (others)
  39 foxfires
39 creatures vanquished.

Grand Total: 56 creatures vanquished

Notes
Turn   | Place    | Note
-------+----------+-------------------------------------------
     0 | D:1      | monsoonserge the Djinni Fire Elementalist began the quest
                  | for the Orb.
     0 | D:1      | monsoonserge set off with the following spells memorised:
                  | Foxfire, Scorch, Volatile Blastmotes, Inner Flame, Flame
                  | Wave.
     0 | D:1      | Reached XP level 1. HP: 15/15 MP: 0/0
   268 | D:1      | Found Coeleema's Weapon Boutique.
   451 | D:1      | Reached XP level 2. HP: 20/21 MP: 0/0
   579 | D:1      | Found Ucutasic's Armour Shop.
   987 | D:2      | Noticed Natasha
   993 | D:2      | Killed Natasha
   994 | D:2      | Reached skill level 3 in Spellcasting
   994 | D:2      | Reached XP level 3. HP: 22/25 MP: 0/0
   994 | D:2      | Learned a level 1 spell: Necrotise
  1148 | D:2      | Noticed Sigmund
  1152 | D:2      | Slain by Sigmund

Illustrated notes

Levels and vault maps discovered:
D:1:      minmay_arrival_split_and_join, layout_loops_corners, serial_shops,
          shop, nicolae_shop_temple_entry_statues_fountains,
          chequers_serial_rivers_micro_b
D:2:      layout_basic, basic_altar, uniq_natasha, uniq_sigmund

Skill      XL: |  1  2 |
---------------+-------+-----
Spellcasting   | 3 |  3.3
Short Blades   | |  0.5
Dodging        | |  2.2
Stealth        | |  1.7

Action                     || total
---------------------------++-------
  Melee: Short sword       ||     6
   Cast: Foxfire           ||    25
         Scorch            ||     4
 Armour: Robe              ||     1
  Dodge: Dodged            ||     7
